 Dungeon Crawl Stone Soup version 0.31-a0-1098-g6898e6545c (webtiles) character file.

Game seed: 13875159518972455165

2648 Malachi the Fighter (level 9, -4/79 HPs)
             Began as a Demonspawn Gladiator on Nov 30, 2023.
             Was an Initiate of Gozag.
             Slain by a two-headed ogre
             ... wielding a +0 giant club
              (15 damage)
             ... on level 7 of the Dungeon.
             The game lasted 00:07:15 (6076 turns).

Malachi the Fighter (Demonspawn Gladiator)          Turns: 6076, Time: 00:07:16

Health: -4/79      AC:  8    Str: 15    XL:     9   Next: 36%
Magic:  9/9        EV:  8    Int: 10    God:    Gozag
Gold:   646        SH:  5    Dex: 17    Spells: 8/8 levels left

rFire   + . .        y - +5 hand axe "Hamotib" {spect, rC+}
rCold   + + .        (no shield)
rNeg    + . .        x - +0 chain mail
rPois   +            q - -2 hat of the Alchemist {rElec rPois rF+ rC+ rN+ Will+ rMut rCorr}
rElec   +            (no cloak)
rCorr   +            (no gloves)
SInv    .            (no boots)
Will    +....        u - amulet of reflection Stlth
                     m - ring of wizardry
HPRegen 0.33/turn    (no ring)
MPRegen 0.22/turn

%: reflection, resist mutation, wizardry (x1)
@: gold aura, on berserk cooldown, slowed, very slow
A: yellow scales 1, demonic guardian 2, magic regeneration, demonic touch 1
a: Renounce Religion, Potion Petition, Call Merchant, Bribe Branch


You were on level 7 of the Dungeon.
You worshipped Gozag.
Gozag was pleased with you.
You visited 1 branch of the dungeon, and saw 7 of its levels.

You collected 675 gold pieces.
You paid 29 gold pieces to Gozag.

Inventory:

Hand Weapons
 a - a +0 long sword
 y - the +5 hand axe "Hamotib" (weapon) {spect, rC+}
   (You found it on level 4 of the Dungeon)

   rC+:       It protects you from cold.
Missiles
 d - 3 throwing nets (quivered)
 e - a javelin
 h - 6 boomerangs
 t - 10 poisoned darts
Armour
 b - a +0 leather armour
 c - a +1 helmet
 q - the -2 hat of the Alchemist (worn) {rElec rPois rF+ rC+ rN+ Will+ rMut rCorr}
   (You found it on level 2 of the Dungeon)

   rF+:       It protects you from fire.
   rC+:       It protects you from cold.
   rElec:     It insulates you from electricity.
   rPois:     It protects you from poison rN+: It protects you from negative
   energy.
   Will+:     It increases your willpower.
   rCorr:     It protects you from acid and corrosion.
   rMut:      It protects you from mutation.
 x - a +0 chain mail (worn)
Jewellery
 k - an amulet of magic regeneration
 m - a ring of wizardry (left hand)
 u - an amulet of reflection (around neck)
 C - a ring of fire
 G - a ring of positive energy
Talismans
 z - a granite talisman
Scrolls
 j - a scroll of fear
 o - 2 scrolls of noise
 r - 2 scrolls of poison
 w - 5 scrolls of teleportation
 A - 5 scrolls of identify
 B - 2 scrolls of amnesia {unknown}
 F - a scroll of vulnerability {unknown}
 H - a scroll of acquirement {unknown}
Potions
 g - 3 potions of lignification {unknown}
 i - a potion of magic {unknown}
 l - a potion of mutation {unknown}
 n - 2 potions of resistance {unknown}
 p - a potion of ambrosia {unknown}
 s - 2 potions of brilliance {unknown}
 v - a potion of curing {unknown}
 D - 2 potions of degeneration {unknown}
 E - a potion of might {unknown}
 I - a potion of haste {unknown}


   Skills:
 + Level 10.6 Fighting
 - Level 5.1 Long Blades
 - Level 5.0 Axes
 - Level 1.8 Throwing
 - Level 2.7 Dodging


You had 8 spell levels left.
You didn't know any spells.
Your spell library contained the following spells:

 Spells                   Type           Power      Damage    Failure   Level
 Apportation              Tloc           0%         N/A       91%         1
 Necrotise                Necr           0%         1d4       91%         1
 Summon Small Mammal      Summ           0%         N/A       91%         1
 Dazzling Flash           Conj/Hex       0%         N/A       99%         3
 Volatile Blastmotes      Fire/Tloc      0%         2d10      99%         3
 Cause Fear               Hex            0%         N/A       100%        4
 Fireball                 Conj/Fire      0%         3d3       100%        5
 Starburst                Conj/Fire      0%         6d3       100%        6
 Maxwell's Capacitive Co  Air            0%         ∞         100%        8
 Dragon's Call            Summ           0%         N/A       100%        9


Dungeon Overview and Level Annotations

Branches:
Dungeon (7/15)
 Temple: D:4-7

Altars:
Dithmenos
Gozag
Makhleb
Nemelex Xobeh
Ru
Uskayaw
Wu Jian

Shops:
D:4 :

Annotations:
D:7 1 runed translucent door, Crazy Yiuf


Innate Abilities, Weirdness & Mutations

You are partially covered in yellow scales. (AC +2)
A demonic guardian rushes to your aid.
You regenerate magic rapidly.
Your touch may inflict minor irresistible damage on your foes.


Message History

The orc warrior dies!
Unknown command.
Your hellwing misses the orc. Your hellwing hits the orc.
The orc hits your hellwing but does no damage.
Your hellwing closely misses the orc.
Your hellwing misses the orc. The orc closely misses your hellwing.
Your hellwing disappears in a puff of smoke!
The orc barely misses you. The orc closely misses you.
You barely miss the orc.
The orc is moderately wounded.
The orc hits you with a +0 flail.
* * * LOW HITPOINT WARNING * * *
A demonic guardian appears!
You barely miss the orc.
The orc is moderately wounded.
You block the orc's attack. The orc closely misses you.
You swap places.
Your ice devil hits the orc!
The orc dies!
Your ice devil hits the scorpion!
Your ice devil freezes the scorpion!
The scorpion dies!
The hound completely misses your ice devil.
Your ice devil misses the hound.
The hound bites your ice devil but does no damage.
The hound closely misses your ice devil.
Your ice devil hits the hound.
Your ice devil freezes the hound!
The hound dies!
Unknown command.
You swap places.
A bullfrog comes into view.
The bullfrog croaks.
The bullfrog is distracted by your dazzling golden aura.
A vampire comes into view.
Things that are here:
16 gold pieces; a +0 flail A two-headed ogre comes into view.
It is wielding two +0 giant clubs.
The two-headed ogre shouts in stereo!
The bullfrog croaks.
You block the two-headed ogre's attack.
The two-headed ogre hits you with a +0 giant club!
You die...
Your body crumbles into a pile of gold.

.#######..#.#####.##.#
.#.....#..#.##..#.#.##
#.......#..##.##[##.###
.#.....#).###.#.#..##.#
.#######..##.##.#####)#
..#.#.#..###.###..##.##
#.......## ##.####..##
##.....## ##.4#####
####### ###@###
##.O...# #...$#..#
#..#.F##..# #..##.V#
#..# #.# #?#. ..# ...
.# # .# .# .. # ##


You could see a two-headed ogre, a vampire, a bullfrog (ally target) and a
friendly ice devil (summoned).

Vanquished Creatures
  A wraith (D:7)
  A steam dragon (D:6)
  An acid dragon (D:7)
  A water moccasin (D:7)
  An orc warrior (D:7)
  2 sky beasts (D:7)
  2 ice beasts
  2 centaurs (D:7)
  2 bullfrogs (D:7)
  2 scorpions
  A howler monkey (D:7)
  3 jellies
  2 orc priests (D:5)
  A hound (D:6)
  4 iguanas
  2 orc wizards
  5 adders
  3 ufetubi (D:7)
  A worm (D:2)
  4 dart slugs
  17 orcs
  7 endoplasms
  6 giant cockroaches
  5 hobgoblins
  4 jackals (D:2)
  7 kobolds
  A quokka (D:4)
  6 ball pythons
  8 bats
  6 frilled lizards
  11 goblins
  3 rats
122 creatures vanquished.

Vanquished Creatures (collateral kills)
  A manticore (D:7)
  2 black bears
  An orc warrior (D:7)
  A scorpion (D:7)
  An orc priest (D:6)
  A hound (D:7)
  An iguana (D:5)
  3 orcs
11 creatures vanquished.

Grand Total: 133 creatures vanquished

Notes
Turn   | Place    | Note
-------+----------+-------------------------------------------
     0 | D:1      | Malachi the Demonspawn Gladiator began the quest for the
                  | Orb.
     0 | D:1      | Reached XP level 1. HP: 16/16 MP: 1/1
   176 | D:1      | Gained mutation: You regenerate magic rapidly. [demonic
                  | ancestry]
   176 | D:1      | Reached XP level 2. HP: 13/22 MP: 2/2
   463 | D:1      | Reached XP level 3. HP: 27/27 MP: 3/3
   975 | D:2      | Gained mutation: A weak demonic guardian rushes to your
                  | aid. [demonic ancestry]
   975 | D:2      | Reached XP level 4. HP: 25/33 MP: 4/4
  1155 | D:2      | Found the -2 hat of the Alchemist {rElec rPois rF+ rC+ rN+
                  | Will+ rMut rCorr}
  1402 | D:2      | Found a faded altar of an unknown god.
  1880 | D:3      | Found an opulent altar of Gozag.
  1887 | D:3      | Became a worshipper of Gozag Ym Sagoz the Greedy
  2351 | D:4      | Found a hide-covered altar of Uskayaw.
  2353 | D:4      | Found a burning altar of Makhleb.
  2354 | D:4      | Found a sparkling altar of Nemelex Xobeh.
  2419 | D:4      | Noticed a scorpion
  2433 | D:4      | Killed a scorpion
  2434 | D:4      | Reached skill level 3 in Fighting
  2434 | D:4      | Reached skill level 5 in Long Blades
  2434 | D:4      | Gained mutation: A demonic guardian rushes to your aid.
                  | [demonic ancestry]
  2434 | D:4      | Reached XP level 5. HP: 23/41 MP: 5/5
  2444 | D:4      | Identified the +5 hand axe "Hamotib" {spect, rC+}
  2536 | D:4      | Found Otill's Book Shoppe.
  2896 | D:4      | Reached skill level 1 in Axes
  3102 | D:5      | Entered Level 5 of the Dungeon
  3369 | D:5      | Reached XP level 6. HP: 37/48 MP: 6/6
  3516 | D:5      | Reached skill level 4 in Fighting
  3619 | D:5      | Found an ornate altar of the Wu Jian Council.
  3711 | D:5      | Found a shadowy altar of Dithmenos.
  4315 | D:5      | Gained mutation: You are partially covered in yellow
                  | scales. (AC +2) [demonic ancestry]
  4315 | D:5      | Reached XP level 7. HP: 35/55 MP: 7/7
  4605 | D:6      | Reached skill level 5 in Fighting
  4804 | D:6      | Noticed a steam dragon
  5186 | D:6      | Killed a steam dragon
  5187 | D:6      | Reached skill level 6 in Fighting
  5187 | D:6      | Gained mutation: Your touch may inflict minor irresistible
                  | damage on your foes. [demonic ancestry]
  5187 | D:6      | Reached XP level 8. HP: 38/64 MP: 8/8
  5541 | D:7      | Reached skill level 5 in Axes
  5556 | D:7      | Found a sacrificial altar of Ru.
  5566 | D:7      | Identified the +1 flail of Sunlight {freeze, rPois}
  5677 | D:7      | Found a runed translucent door.
  5678 | D:7      | Noticed Crazy Yiuf
  5746 | D:7      | Reached skill level 7 in Fighting
  5771 | D:7      | Reached skill level 8 in Fighting
  6036 | D:7      | Identified the +3 shortbow "Oqacwy" {flame, rElec Str+4
                  | Int-3 Dex+3}
  6043 | D:7      | Reached skill level 9 in Fighting
  6043 | D:7      | Noticed a manticore
  6044 | D:7      | Reached XP level 9. HP: 45/76 MP: 9/9
  6054 | D:7      | HP: 5/115 [manticore (5)]
  6060 | D:7      | Killed a manticore
  6061 | D:7      | Reached skill level 10 in Fighting
  6076 | D:7      | Noticed a two-headed ogre
  6076 | D:7      | Slain by a two-headed ogre

Illustrated notes

Levels and vault maps discovered:
D:1:      minmay_arrival_nine_rooms, layout_rooms,
          nicolae_houndstooth_variations
D:2:      layout_loops_corners, ebering_ecumenical_altar_mist
D:3:      layout_rooms, nicolae_gozag_cash_rules_everything_around_me,
          grunt_ministairs_7
D:4:      layout_loops_ring, chequers_temple_overflow_statue_of_worship,
          serial_shops, nicolae_shop_tiny_waterfront
D:5:      layout_basic, mainiacjoe_overflow_catwalk_spiral
D:6:      layout_rooms
D:7:      minmay_the_grid_octo_2x2 [minmay_the_grid_octo_chip,
          minmay_the_grid_octo_fan_narrow, minmay_the_grid_octo_pinwheel,
          minmay_the_grid_octo_prize_ultimate_mussel_roller], layout_basic,
          mainiacjoe_overflow_cross_hatched, minmay_temple_entry_fiery,
          minmay_misc_feat_diagonals, uniq_crazy_yiuf_cottage

Skill      XL: |  1  2  3  4  5  6  7  8  9 |
---------------+----------------------------+-----
Long Blades    | 3 4 5 |  5.1
Fighting       | 3 4 6 9 10 | 10.6
Axes           | 1 3 4 5 |  5.0
Throwing       | |  1.8
Dodging        | |  2.7

Action                     |  1- 3 |  4- 6 |  7- 9 || total
---------------------------+-------+-------+-------++-------
  Melee: Long sword        |   123 |    97 |       ||   220
         Punch             |     1 |     1 |     3 ||     5
         Hand axe          |       |    44 |    98 ||   142
         Touch             |       |       |    18 ||    18
    Use: Scroll            |     2 |     4 |       ||     6
         Potion            |       |       |     1 ||     1
   Stab: Sleeping          |     2 |     1 |       ||     3
         Distracted        |       |       |     1 ||     1
 Armour: Leather armour    |    88 |    41 |       ||   129
         Chain mail        |       |    55 |   130 ||   185
  Dodge: Dodged            |   121 |    64 |    51 ||   236
  Block: Other             |       |    32 |    15 ||    47

Table legend: (Time is in decaauts)
 A = Elapsed time spent in this place.
 B = Non-inter-level travel time spent in this place.
 C = Inter-level travel time spent in this place.
 D = Time resting spent in this place.
 E = Time spent auto-exploring this place.
 F = Levels seen in this place.
 G = Mean time per level.
                   A        B        C        D        E       F      G
               +--------+--------+--------+--------+--------+-----+--------+
         Total |   6159 |   5882 |    277 |    892 |   3940 |   7 |  879.9 |
       Dungeon |   6159 |   5882 |    277 |    892 |   3940 |   7 |  879.9 |
               +--------+--------+--------+--------+--------+-----+--------+

Top non-repeatable levels by time:
     D:5: 1726 daAuts
     D:2: 1070 daAuts
     D:4: 772 daAuts
     D:6: 696 daAuts
     D:1: 659 daAuts
     D:3: 647 daAuts
     D:7: 587 daAuts
